General information
- name: BNet
- type: Ladder team game (AT/RT)
- host: Battle.net
- saver: MoneyToBurn
map: TwilightRuins
- players: 8
- length: 30:31
- speed: Fast
- version: 1.26 W3XP
- replay type: Public
» download(194 KB)
Players
team 1 (winner)
LOLOLOLOLHA (
yellow | 76 APM | 1470 actions | 19:14)
7 Death Knight
3 Death Coil
2 Unholy Aura
1 Death Pact
1 Animate Dead
2 Lich
1 Frost Nova
1 Frost Armor
» actions
| Assign group hotkey | 8 | |
| Basic commands | 115 | |
| Build / train | 65 | |
| ESC pressed | 4 | |
| Enter build submenu | 23 | |
| Enter hero's abilities submenu | 9 | |
| Give item / drop item | 1 | |
| Right click | 735 | |
| Select / deselect | 345 | |
| Select group hotkey | 96 | |
| Use ability | 69 | |
1470 total
» units
| Acolyte | 16 | |
| Ghoul | 3 | |
| Crypt Fiend | 8 | |
| Obsidian Statue | 3 | |
| Frost Wyrm | 7 | |
37 total
» upgrades
| Web | 1 | |
| Destroyer Form | 1 | |
| Freezing Breath | 1 | |
| Creature Attack | 1 | |
4 total
» buildings
| Crypt | 1 | |
| Ziggurat | 7 | |
| Altar of Darkness | 1 | |
| Graveyard | 1 | |
| Nerubian Tower | 1 | |
| Tomb of Relics | 1 | |
| Halls of the Dead | 1 | |
| Black Citadel | 1 | |
| Sacrificial Pit | 1 | |
| Slaughterhouse | 1 | |
| Boneyard | 1 | |
17 total
» build order
00:11 Crypt
00:16 Ziggurat
00:38 Altar of Darkness
01:03 Graveyard
01:09 Nerubian Tower
01:59 Ziggurat
02:09 Tomb of Relics
02:57 Halls of the Dead
03:37 Ziggurat
04:12 Ziggurat
05:31 Black Citadel
05:33 Sacrificial Pit
07:32 Slaughterhouse
08:29 Boneyard
09:38 Ziggurat
13:04 Ziggurat
13:05 Ziggurat
» items
| Rod of Necromancy | 1 | |
| Orb of Corruption | 1 | |
| Scroll of Town Portal | 1 | |
3 total

»
Xbox-MasterRace (
pink | 23 APM | 697 actions | 30:03)
6 Blademaster
3 Wind Walk
2 Critical Strike
1 Bladestorm
» actions
| Assign group hotkey | 12 | |
| Build / train | 61 | |
| Enter build submenu | 17 | |
| Enter hero's abilities submenu | 6 | |
| Give item / drop item | 1 | |
| Remove unit from queue | 8 | |
| Right click | 221 | |
| Select / deselect | 200 | |
| Select group hotkey | 134 | |
| Use ability | 36 | |
697 total
» units
| Peon | 21 | |
| Grunt | 1 | |
| Troll Headhunter/Berserker | 3 | |
| Troll Batrider | 3 | |
| Demolisher | 2 | |
30 total
» upgrades
| Ranged Weapons | 3 | |
| Troll Regeneration | 1 | |
| Armor | 3 | |
| Berserker Upgrade | 1 | |
8 total
» buildings
| Orc Burrow | 9 | |
| Altar of Storms | 1 | |
| Barracks | 2 | |
| War Mill | 1 | |
| Stronghold | 1 | |
| Voodoo Lounge | 1 | |
| Fortress | 1 | |
| Beastiary | 2 | |
18 total
» build order
00:22 Orc Burrow
00:37 Altar of Storms
00:52 Barracks
02:02 Orc Burrow
02:08 Orc Burrow
02:36 War Mill
03:11 Stronghold
03:46 Voodoo Lounge
04:02 Barracks
05:13 Orc Burrow
05:18 Orc Burrow
06:31 Fortress
08:46 Orc Burrow
09:32 Beastiary
09:34 Beastiary
09:39 Orc Burrow
16:44 Orc Burrow
16:45 Orc Burrow
» items
| Healing Salve | 2 | |
| Orb of Lightning | 2 | |
| Orb of Corruption | 1 | |
| Potion of Healing | 1 | |
6 total
DarkKnightRises (
teal | 54 APM | 1659 actions | 30:31)
7 Death Knight
3 Death Coil
3 Unholy Aura
1 Death Pact
» actions
| Assign group hotkey | 192 | |
| Basic commands | 181 | |
| Build / train | 72 | |
| Enter build submenu | 27 | |
| Enter hero's abilities submenu | 7 | |
| Give item / drop item | 10 | |
| Remove unit from queue | 3 | |
| Right click | 526 | |
| Select / deselect | 311 | |
| Select group hotkey | 192 | |
| Use ability | 137 | |
1659 total
» units
| Acolyte | 14 | |
| Ghoul | 5 | |
| Gargoyle | 15 | |
| Goblin Shredder | 1 | |
35 total
» upgrades
| Creature Attack | 3 | |
| Creature Carapace | 4 | |
| Stone Form | 1 | |
8 total
» buildings
| Crypt | 3 | |
| Ziggurat | 16 | |
| Altar of Darkness | 1 | |
| Graveyard | 3 | |
| Halls of the Dead | 1 | |
| Tomb of Relics | 1 | |
| Spirit Tower | 2 | |
| Sacrificial Pit | 1 | |
| Nerubian Tower | 1 | |
| Black Citadel | 1 | |
30 total
» build order
00:07 Crypt
00:09 Ziggurat
00:33 Altar of Darkness
00:58 Ziggurat
02:18 Ziggurat
02:26 Graveyard
02:58 Halls of the Dead
03:36 Tomb of Relics
04:14 Graveyard
04:16 Crypt
04:21 Crypt
07:43 Spirit Tower
07:48 Sacrificial Pit
08:48 Ziggurat
10:58 Nerubian Tower
12:24 Black Citadel
12:43 Ziggurat
15:09 Ziggurat
15:09 Ziggurat
15:10 Ziggurat
15:10 Ziggurat
16:22 Graveyard
17:43 Ziggurat
17:43 Ziggurat
17:43 Ziggurat
17:44 Ziggurat
18:44 Ziggurat
18:44 Ziggurat
20:37 Spirit Tower
29:58 Ziggurat
» items
| Periapt of Vitality | 2 | |
| Rod of Necromancy | 1 | |
| Pendant of Energy | 1 | |
| Scroll of Town Portal | 1 | |
| Potion of Healing | 2 | |
| Potion of Mana | 2 | |
| Boots of Speed | 1 | |
| Scroll of Healing | 2 | |
| Orb of Corruption | 1 | |
13 total
BADASS (
blue | 65 APM | 1527 actions | 23:28)
7 Mountain King
3 Storm Bolt
3 Bash
1 Avatar
» actions
| Assign group hotkey | 6 | |
| Basic commands | 92 | |
| Build / train | 83 | |
| Enter build submenu | 50 | |
| Enter hero's abilities submenu | 7 | |
| Remove unit from queue | 3 | |
| Right click | 871 | |
| Select / deselect | 340 | |
| Select group hotkey | 8 | |
| Use ability | 67 | |
1527 total
» units
| Peasant | 15 | |
| Footman | 2 | |
| Rifleman | 4 | |
| Goblin Shredder | 1 | |
| Knight | 11 | |
| Gryphon Rider | 5 | |
| Priest | 4 | |
| Spell Breaker | 1 | |
| Siege Engine | 4 | |
47 total
» upgrades
| Gunpowder | 1 | |
| Masonry | 2 | |
| Plating | 3 | |
| Swords | 2 | |
| Animal War Training | 1 | |
| Priest Training | 1 | |
10 total
» buildings
| Altar of Kings | 1 | |
| Farm | 10 | |
| Barracks | 2 | |
| Scout Tower | 13 | |
| Lumber Mill | 1 | |
| Blacksmith | 1 | |
| Guard Tower | 5 | |
| Arcane Tower | 4 | |
| Arcane Vault | 1 | |
| Keep | 1 | |
| Castle | 1 | |
| Town Hall | 1 | |
| Gryphon Aviary | 1 | |
| Arcane Sanctum | 2 | |
| Workshop | 5 | |
49 total
» build order
00:09 Altar of Kings
00:27 Farm
01:10 Barracks
01:14 Scout Tower
01:20 Lumber Mill
01:36 Farm
02:22 Blacksmith
02:37 Guard Tower
03:13 Scout Tower
03:18 Scout Tower
03:25 Farm
03:30 Farm
03:53 Guard Tower
03:54 Arcane Tower
04:11 Arcane Vault
04:38 Keep
04:54 Scout Tower
05:00 Scout Tower
05:53 Arcane Tower
05:54 Guard Tower
07:10 Castle
08:07 Town Hall
08:16 Scout Tower
08:17 Scout Tower
08:19 Scout Tower
09:30 Guard Tower
09:32 Scout Tower
10:09 Arcane Tower
10:24 Gryphon Aviary
10:30 Arcane Sanctum
10:32 Arcane Tower
10:50 Arcane Sanctum
11:34 Barracks
11:38 Farm
12:13 Farm
12:15 Farm
12:18 Farm
12:37 Scout Tower
12:40 Scout Tower
12:48 Farm
13:33 Guard Tower
13:51 Farm
21:56 Workshop
21:58 Workshop
21:59 Workshop
22:28 Scout Tower
22:29 Scout Tower
22:40 Workshop
22:54 Workshop
» items
| Potion of Healing | 1 | |
| Potion of Mana | 1 | |
| Scroll of Regeneration | 1 | |
| Ivory Tower | 1 | |
4 total
team 2 (loser)
its_hypnotic (
red | 40 APM | 716 actions | 17:44)
5 Blood Mage
3 Flame Strike
2 Siphon Mana
» actions
| Basic commands | 3 | |
| Build / train | 55 | |
| Enter build submenu | 16 | |
| Enter hero's abilities submenu | 5 | |
| Give item / drop item | 2 | |
| Right click | 297 | |
| Select / deselect | 287 | |
| Use ability | 51 | |
716 total
» units
| Peasant | 10 | |
| Rifleman | 5 | |
| Siege Engine | 2 | |
| Flying Machine | 17 | |
34 total
» upgrades
| Gunpowder | 2 | |
| Long Rifles | 1 | |
| Flak Cannons | 1 | |
4 total
» buildings
| Altar of Kings | 1 | |
| Barracks | 3 | |
| Farm | 8 | |
| Arcane Vault | 1 | |
| Blacksmith | 1 | |
| Keep | 1 | |
| Lumber Mill | 1 | |
| Castle | 1 | |
| Workshop | 5 | |
22 total
» build order
00:26 Altar of Kings
00:39 Barracks
00:43 Farm
00:52 Barracks
00:56 Farm
01:27 Farm
02:08 Barracks
02:23 Farm
02:24 Farm
02:26 Farm
02:39 Arcane Vault
03:16 Blacksmith
05:28 Keep
07:10 Lumber Mill
08:15 Castle
08:21 Workshop
08:23 Workshop
08:27 Workshop
08:29 Workshop
08:29 Workshop
13:40 Farm
13:41 Farm
» items
| Scroll of Regeneration | 2 | |
| Lesser Clarity Potion | 1 | |
| Mechanical Critter | 1 | |
| Mantle of Intelligence +3 | 2 | |
| Potion of Healing | 1 | |
| Potion of Mana | 1 | |
| Scroll of Town Portal | 1 | |
9 total

»
creepininyohood (
purple | 54 APM | 991 actions | 18:30)
3 Blademaster
1 Wind Walk
2 Critical Strike
» actions
| Assign group hotkey | 52 | |
| Basic commands | 1 | |
| Build / train | 41 | |
| Enter build submenu | 17 | |
| Enter hero's abilities submenu | 3 | |
| Remove unit from queue | 5 | |
| Right click | 565 | |
| Select / deselect | 185 | |
| Select group hotkey | 59 | |
| Use ability | 63 | |
991 total
» units
| Peon | 5 | |
| Grunt | 6 | |
| Tauren | 5 | |
| Spirit Walker | 3 | |
19 total
» upgrades
| Spirit Walker Training | 2 | |
| Pulverize | 1 | |
3 total
» buildings
| Altar of Storms | 1 | |
| Orc Burrow | 8 | |
| Voodoo Lounge | 1 | |
| Barracks | 1 | |
| Stronghold | 1 | |
| War Mill | 1 | |
| Spirit Lodge | 1 | |
| Fortress | 1 | |
| Tauren Totem | 2 | |
| Beastiary | 1 | |
18 total
» build order
00:03 Altar of Storms
00:06 Orc Burrow
00:59 Voodoo Lounge
01:16 Barracks
01:42 Orc Burrow
03:36 Stronghold
04:13 Orc Burrow
04:45 War Mill
05:59 Spirit Lodge
06:11 Fortress
06:50 Orc Burrow
06:52 Orc Burrow
07:26 Orc Burrow
07:49 Orc Burrow
07:51 Orc Burrow
08:40 Tauren Totem
08:41 Tauren Totem
15:53 Beastiary
» items
| Healing Salve | 3 | |
| Lesser Clarity Potion | 2 | |
| Scroll of Speed | 1 | |
| Orb of Lightning | 1 | |
| Scroll of Town Portal | 1 | |
8 total
MoneyToBurn (
orange | 95 APM | 2915 actions | 30:31)
6 Goblin Tinker
3 Pocket Factory
2 Engineering Upgrade
1 Robo-Goblin
6 Mountain King
3 Storm Bolt
2 Bash
1 Avatar
» actions
| Assign group hotkey | 51 | |
| Basic commands | 60 | |
| Build / train | 180 | |
| ESC pressed | 4 | |
| Enter build submenu | 65 | |
| Enter hero's abilities submenu | 12 | |
| Give item / drop item | 2 | |
| Remove unit from queue | 5 | |
| Right click | 1317 | |
| Select / deselect | 550 | |
| Select group hotkey | 542 | |
| Use ability | 127 | |
2915 total
» units
| Peasant | 22 | |
| Footman | 14 | |
| Goblin Shredder | 3 | |
| Knight | 7 | |
| Siege Engine | 6 | |
| Mortar Team | 1 | |
53 total
» upgrades
| Defend | 1 | |
| Masonry | 3 | |
| Lumber Harvesting | 2 | |
| Swords | 4 | |
| Armor | 3 | |
| Plating | 3 | |
| Gunpowder | 3 | |
| Barrage | 1 | |
| Flak Cannons | 1 | |
| Animal War Training | 1 | |
| Reinforced Defenses | 1 | |
| Spiked Barricades | 1 | |
| Fragmentation Shards | 1 | |
| Flare | 1 | |
| Long Rifles | 1 | |
| Flying Machine Bombs | 1 | |
| Magic Sentry | 1 | |
| Sorceress Training | 1 | |
30 total
» buildings
| Altar of Kings | 1 | |
| Barracks | 1 | |
| Farm | 11 | |
| Arcane Vault | 1 | |
| Lumber Mill | 1 | |
| Town Hall | 3 | |
| Scout Tower | 20 | |
| Arcane Tower | 7 | |
| Guard Tower | 31 | |
| Keep | 1 | |
| Blacksmith | 2 | |
| Castle | 2 | |
| Workshop | 4 | |
| Watch Tower | 7 | |
| Arcane Sanctum | 1 | |
| Gryphon Aviary | 3 | |
96 total
» build order
00:14 Altar of Kings
00:18 Barracks
00:21 Farm
01:01 Farm
01:42 Arcane Vault
02:45 Farm
04:14 Farm
04:22 Lumber Mill
05:12 Town Hall
05:30 Farm
05:35 Scout Tower
06:08 Arcane Tower
06:31 Scout Tower
06:32 Scout Tower
06:36 Scout Tower
07:16 Guard Tower
07:17 Guard Tower
07:25 Keep
08:43 Farm
08:49 Blacksmith
09:40 Scout Tower
09:42 Scout Tower
10:10 Guard Tower
10:13 Castle
10:13 Castle
10:52 Guard Tower
10:56 Blacksmith
11:31 Scout Tower
11:32 Scout Tower
11:42 Workshop
11:43 Workshop
12:46 Guard Tower
17:49 Farm
17:50 Farm
17:50 Farm
17:51 Farm
17:51 Farm
18:40 Guard Tower
18:40 Guard Tower
18:48 Guard Tower
18:58 Guard Tower
21:33 Scout Tower
21:35 Scout Tower
21:40 Scout Tower
21:42 Scout Tower
22:06 Guard Tower
22:06 Guard Tower
22:06 Guard Tower
22:07 Guard Tower
22:07 Guard Tower
22:07 Guard Tower
22:17 Guard Tower
22:54 Town Hall
23:02 Watch Tower
23:02 Watch Tower
23:06 Watch Tower
23:06 Watch Tower
23:06 Watch Tower
23:09 Watch Tower
23:10 Watch Tower
25:24 Scout Tower
25:27 Scout Tower
25:31 Scout Tower
25:34 Scout Tower
25:51 Arcane Tower
25:51 Arcane Tower
25:51 Arcane Tower
25:53 Guard Tower
25:53 Guard Tower
26:10 Guard Tower
26:10 Guard Tower
26:27 Town Hall
26:30 Scout Tower
26:32 Scout Tower
26:33 Scout Tower
26:34 Scout Tower
27:00 Arcane Sanctum
27:41 Arcane Tower
27:41 Guard Tower
27:41 Guard Tower
28:01 Guard Tower
28:21 Gryphon Aviary
28:24 Gryphon Aviary
28:27 Gryphon Aviary
29:59 Workshop
30:03 Workshop
» items
| Boots of Speed | 6 | |
| Staff of Teleportation | 2 | |
| Scroll of Regeneration | 8 | |
| Mantle of Intelligence +3 | 1 | |
| Periapt of Vitality | 2 | |
| Circlet of Nobility | 1 | |
| Scroll of Town Portal | 3 | |
| Potion of Healing | 4 | |
| Ivory Tower | 3 | |
| Lesser Clarity Potion | 1 | |
31 total

»
fffff (
green | 43 APM | 660 actions | 15:18)
3 Keeper of the Grove
2 Entangling Roots
1 Thorns Aura
2 Priestess of the Moon
1 Trueshot Aura
1 Scout
» actions
| Assign group hotkey | 13 | |
| Build / train | 53 | |
| Enter build submenu | 13 | |
| Enter hero's abilities submenu | 5 | |
| Right click | 323 | |
| Select / deselect | 180 | |
| Select group hotkey | 28 | |
| Use ability | 45 | |
660 total
» units
| Wisp | 19 | |
| Huntress | 8 | |
| Druid of the Claw | 4 | |
| Dryad | 2 | |
33 total
» upgrades
| Ultravision | 1 | |
| Sentinel | 1 | |
| Druid of the Claw Training | 2 | |
| Upgrade Moon Glaive | 1 | |
| Mark of the Claw | 1 | |
| Well Spring | 1 | |
| Abolish Magic | 1 | |
| Strength of the Wild | 1 | |
9 total
» buildings
| Altar of Elders | 1 | |
| Moon Well | 5 | |
| Hunter's Hall | 1 | |
| Ancient of War | 1 | |
| Ancient Protector | 1 | |
| Tree of Ages | 1 | |
| Ancient of Lore | 2 | |
| Tree of Eternity | 1 | |
| Tree of Life | 1 | |
| Ancient of Wonders | 1 | |
15 total
» build order
00:10 Altar of Elders
00:12 Moon Well
01:33 Hunter's Hall
01:56 Moon Well
02:06 Ancient of War
02:49 Ancient Protector
03:38 Tree of Ages
04:02 Moon Well
06:06 Ancient of Lore
07:29 Tree of Eternity
07:35 Moon Well
09:20 Tree of Life
11:33 Moon Well
11:40 Ancient of Lore
12:05 Ancient of Wonders
» items
| Boots of Speed | 1 | |
| Scroll of Town Portal | 1 | |
2 total
Chat log
(00:16 / Allies) its_hypnotic: rifles/morts/tanks
(00:21 / All) DarkKnightRises: soy's in fucking everything
(00:29 / All) MoneyToBurn: WOOO TWILIGHT RUINS!
(00:33 / All) fffff: Kanye West
(00:42 / All) LOLOLOLOLHA: good morningg
(00:44 / All) MoneyToBurn: It's a George Jones song
(00:55 / All) Xbox-MasterRace: no1 cares
(00:56 / All) fffff: Jay-Z
(01:17 / All) MoneyToBurn: are you just spouting random names?
(01:27 / All) fffff: Barry White
(01:34 / All) MoneyToBurn: Rod Serling
(01:42 / All) LOLOLOLOLHA: chad bono
(01:42 / All) fffff: Louis Armstrong
(02:06 / All) DarkKnightRises: Those niggers all suck
(02:11 / All) DarkKnightRises: I don't like any of that crap
(02:23 / All) Xbox-MasterRace: ur a in the minority
(02:30 / All) MoneyToBurn: He is white
(02:30 / All) fffff: lool
(02:32 / All) DarkKnightRises: majority(
(02:37 / All) fffff: i'm white
(02:37 / All) Xbox-MasterRace: not really...
(02:42 / All) DarkKnightRises: yeah really dumbass
(02:42 / All) MoneyToBurn: You doubt his race?
(02:49 / All) DarkKnightRises: most people don't listen to that shit nowadays
(03:02 / All) Xbox-MasterRace: i dont like rap either but we're in the minority now bud
(03:20 / All) DarkKnightRises: Only one of thems is a rapper
(03:25 / All) MoneyToBurn: Louis Armstrong the rapper!
(03:30 / All) Xbox-MasterRace: ya
(03:35 / All) fffff: lool
(03:53 / All) DarkKnightRises: Melvins all day son
(03:55 / All) DarkKnightRises: and Fiona Apple
(03:58 / All) BADASS: my hero
(04:39 / All) fffff: Kid cudy
(04:48 / All) DarkKnightRises: worst nigger alive
(05:00 / All) fffff: Pink Floyrd
(05:12 / All) LOLOLOLOLHA: jospeh sandusky
(05:14 / All) DarkKnightRises: King Crimson
(05:23 / All) fffff: Led Zepplin
(05:42 / All) fffff: Young Jeezy
(05:50 / All) LOLOLOLOLHA: astro glide
(07:55 / All) DarkKnightRises: yo bros
(07:59 / All) DarkKnightRises: these items suck
(08:16 / All) LOLOLOLOLHA: i got soj
(10:10 / Allies) creepininyohood: doesnt have shit
(10:24 / All) DarkKnightRises: LOL
(10:31 / All) MoneyToBurn: ?
(10:43 / All) Xbox-MasterRace: LOL
(12:35 / Allies) creepininyohood: omw oj
(13:16 / Allies) its_hypnotic: green
(13:21 / All) DarkKnightRises: lucky faggot
(13:23 / Allies) creepininyohood: b
(13:25 / Allies) creepininyohood: need aa guyys
(13:27 / All) DarkKnightRises: ne base right next to you
(14:52 / Allies) creepininyohood: no aa
(14:54 / Allies) MoneyToBurn: hit pink
(14:54 / Allies) creepininyohood: red we need aa
(14:57 / Allies) MoneyToBurn: double pronged attack
(14:59 / Allies) MoneyToBurn: teal sucks ignore him
(15:03 / Allies) creepininyohood: we need aa
(15:12 / Allies) creepininyohood: im out
(15:17 / Allies) creepininyohood: fucking terrible
(15:22 / All) BADASS: byebye|
(15:28 / All) creepininyohood: u guys are pathetic not a single 1 of u get aa
(15:52 / All) Xbox-MasterRace: oj u suck lmfao
(16:02 / All) MoneyToBurn: oh?
(16:06 / All) creepininyohood: so does red and green
(16:07 / All) MoneyToBurn: you are 14-17
(16:10 / All) MoneyToBurn: nothing to be proud of
(16:13 / All) MoneyToBurn: You lost, leave
(16:13 / All) BADASS: man im the suckiest
(16:15 / All) BADASS: suck
(16:18 / All) BADASS: that ever did suck
(16:19 / All) MoneyToBurn: The game was decided before it began
(16:20 / All) Xbox-MasterRace: k? on this account? OK....???
(16:22 / All) BADASS: right mother fuckin here
(16:23 / Allies) MoneyToBurn: You'll know it when it happens
(16:24 / All) BADASS: wait
(16:25 / All) BADASS: nope
(16:30 / All) MoneyToBurn: You will know it when it happens
(16:41 / All) BADASS: what cubin like me
(17:06 / All) Xbox-MasterRace: oj do u even have units?
(17:12 / All) DarkKnightRises: red you bite my style too lawl
(17:18 / All) BADASS: ouu
(17:18 / All) DarkKnightRises: nice invul pot usage earlier
(17:20 / All) Xbox-MasterRace: besides 3 tanks....
(17:22 / All) DarkKnightRises: you dumbass noob
(17:32 / All) Xbox-MasterRace: i can see ur wins didnt come because of u
(17:37 / All) MoneyToBurn: I'm 0-0
(17:45 / All) Xbox-MasterRace: on ur other accounts nub
(17:56 / All) BADASS: 6-1
(18:04 / All) BADASS: this one sucks anus
(18:08 / All) DarkKnightRises: red is so lucky he had NE right next to his base
(18:09 / All) MoneyToBurn: My main is 25-16, I was drophacked 3 times and backstabbed three times while carrying most wins
(18:12 / All) MoneyToBurn: Dssn on Northrend
(18:13 / All) BADASS: like mad salad tossi
(18:16 / All) MoneyToBurn: You can check the replays on Highper.ch
(18:19 / All) Xbox-MasterRace: with 3 tanks?
(18:23 / All) Xbox-MasterRace: lmfao
(18:42 / All) BADASS: gotta use my book of the dead bro
(18:54 / All) MoneyToBurn: You should listen to Grubby's commentaries
(19:07 / All) MoneyToBurn: always be thinking of how you could be losing
(19:12 / All) MoneyToBurn: you have never won until you see the enemy player leave
(19:24 / All) Xbox-MasterRace: lol, u must be new to this game
(19:35 / All) DarkKnightRises: watch replay and red's invul pot spaz
(20:04 / All) Xbox-MasterRace: watch replay and see oj kill 2 burrows and tp out twice
(20:06 / All) Xbox-MasterRace: good plan
(20:11 / All) BADASS: sry|
(20:17 / All) BADASS: couldnt give him robot status
(20:20 / All) Xbox-MasterRace: teal ur a nub
(21:33 / All) BADASS: me ?
(21:41 / All) Xbox-MasterRace: lol oj, good game...im gunna be afk with no units...blue is on the left of map and teal is on right
(21:42 / All) Xbox-MasterRace: gg
(21:46 / All) MoneyToBurn: gg
(21:47 / All) MoneyToBurn: Leave faggot
(21:49 / All) MoneyToBurn: You all lost
(21:52 / All) MoneyToBurn: told you you'd know it when it happens
(21:55 / All) Xbox-MasterRace: cya
(21:58 / All) MoneyToBurn: Btw bue I beat everything you had at my base with inferior numbers
(21:59 / All) MoneyToBurn: and better micro
(22:00 / All) BADASS: so
(22:02 / All) MoneyToBurn: How does this make you feel?
(22:04 / All) MoneyToBurn: You lost, leave
(22:05 / All) BADASS: what?
(22:09 / All) BADASS: why are you talking
(22:14 / All) BADASS: you just turned this into a fucking 90 min game
(22:16 / All) MoneyToBurn: How angry are you now with your superiority complex gone?
(22:22 / All) DarkKnightRises: I was taking it easay you didn't warn me about shit
(22:22 / All) BADASS: /squelch
(22:23 / All) BADASS: i win
(22:25 / All) BADASS: |bye
(22:39 / All) MoneyToBurn: No, but it's what's in your heart that counts
(23:04 / All) DarkKnightRises: I was like oh great but the dumbass spazzed his invul pot
(23:15 / All) BADASS: oh gettin tked
(23:16 / All) BADASS: nm
(23:21 / All) BADASS: you got default win
(23:23 / All) MoneyToBurn: Told you you'd know it when it happens
(23:24 / All) MoneyToBurn: Leave faggot
(23:26 / All) BADASS: pros down
(27:09 / All) DarkKnightRises: red lucky for adjacent NE base but unlucky that he is a spaz
(28:54 / All) DarkKnightRises: Pink is dumbass
(29:05 / All) DarkKnightRises: made himself lose by going afk
(29:05 / All) MoneyToBurn: he and blue both thought they were legitimate pros
(29:20 / All) DarkKnightRises: they just talk shit beacuse they thought they won
(29:27 / All) DarkKnightRises: they don't get the chance often
(29:35 / All) MoneyToBurn: lol
(29:56 / All) Xbox-MasterRace: xbox forever, pc sucks cock....GOOD GAME NOOBS
(30:00 / All) Xbox-MasterRace: hahahha
(30:04 / All) DarkKnightRises: plus I'm tired
(30:08 / All) DarkKnightRises: hahahaha
(30:11 / All) DarkKnightRises: I plopped down zig
(30:13 / All) MoneyToBurn: My team or your team gets the loss?
(30:17 / All) DarkKnightRises: red has 27-21 record
(30:20 / All) MoneyToBurn: I say your team but I won't object if red loses
(30:30 / All) MoneyToBurn: alright your team has terrible records anyway